[ AOE2 MATCH · #484247889 ]
Team RMChinese vs Turks
[ REPLAY ANALYSIS · EXTRACTED FROM THE RECORDED GAME ]
Feudal
12:37
Castle
20:25
Imperial
—
| APM avg | 25.0 |
| APM peak | 52 |
| eAPM avg | 17.3 |
| Villagers / military | 95 / 28 |
Focus
⚔️ 26.3% · 🌾 73.7%
Skirmisher ×17 · Iron Pagoda ×8 · Scorpion ×2 · Spearman ×1
Feudal
13:07
Castle
29:03
Imperial
36:16
| APM avg | 21.2 |
| APM peak | 64 |
| eAPM avg | 11.6 |
| Villagers / military | 71 / 44 |
Focus
⚔️ 24.7% · 🌾 75.3%
Spearman ×28 · Skirmisher ×10 · Bombard Cannon ×4 · Mangonel ×2
Feudal
—
Castle
—
Imperial
—
| APM avg | 18.3 |
| APM peak | 80 |
| eAPM avg | 6.9 |
| Villagers / military | 35 / 4 |
Focus
⚔️ 12.8% · 🌾 87.2%
Archer ×4
Feudal
13:13
Castle
18:55
Imperial
—
| APM avg | 31.7 |
| APM peak | 74 |
| eAPM avg | 16.4 |
| Villagers / military | 101 / 54 |
Focus
⚔️ 25.7% · 🌾 74.3%
Leitis ×51 · Monk ×3
Feudal
12:17
Castle
18:43
Imperial
—
| APM avg | 35.5 |
| APM peak | 98 |
| eAPM avg | 20.8 |
| Villagers / military | 72 / 29 |
Focus
⚔️ 14.0% · 🌾 86.0%
Skirmisher ×13 · Scorpion ×10 · Archer ×3 · Mangonel ×3
Feudal
10:07
Castle
24:08
Imperial
—
| APM avg | 27.7 |
| APM peak | 82 |
| eAPM avg | 11.7 |
| Villagers / military | 38 / 47 |
Focus
⚔️ 23.3% · 🌾 76.7%
Cavalry Archer ×25 · Archer ×13 · Battering Ram ×8 · Monk ×1
Feudal
10:36
Castle
24:04
Imperial
—
| APM avg | 24.0 |
| APM peak | 53 |
| eAPM avg | 13.8 |
| Villagers / military | 100 / 88 |
Focus
⚔️ 24.5% · 🌾 75.5%
Archer ×77 · Camel Scout ×11
Feudal
—
Castle
—
Imperial
—
| APM avg | 22.1 |
| APM peak | 39 |
| eAPM avg | 12.3 |
| Villagers / military | 80 / 57 |
Focus
⚔️ 29.5% · 🌾 70.5%
Knight ×42 · Scout Cavalry ×15
Match map
Initial resources + every placement click. Lines = walls · curves = elevation contours. ◆ gold · ⬟ stone · ● berries · ✦ relic · ◌ wall gap
Your base· Open — opponent sealed themselves in
Bear_Pig_Man's base· ✓ Closed at 29:03 · 90t walls · no gate
AbrahamC96's base· ✓ Closed at 17:58 · 22t walls · fragile
KeFlakito's base· ✓ Closed at 18:55 · 43t walls · 1 gate(s) · fragile
TwinkieTheKid21's base· ✓ Closed at 18:43 · 3t walls · fragile
Jarcor's base· Open — opponent sealed themselves in
lonlytiger's base· ✓ Closed at 24:04 · 27t walls · no gate
hidalgo220's base· Open — opponent sealed themselves in
Smoothed initial terrain · ◌ = detected wall gap · hover for details
Inputs per minute
— rakz - - Bear_Pig_Man
Build order — rakz
First 150 of 231 actions detected
| 0:04 | Research | Loom |
| 1:22 | Create | Villager (Male) |
| 1:23 | Create | Villager (Male) |
| 1:23 | Create | Villager (Male) |
| 1:46 | Create | Villager (Male) |
| 2:16 | Create | Villager (Male) |
| 2:52 | Create | Villager (Male) |
| 2:53 | Create | Villager (Male) |
| 3:03 | Build | Lumber Camp |
| 3:23 | Create | Villager (Male) |
| 3:23 | Create | Villager (Male) |
| 3:54 | Build | House |
| 3:55 | Build | House |
| 3:58 | Create | Villager (Male) |
| 4:16 | Create | Villager (Male) |
| 4:42 | Create | Villager (Male) |
| 4:42 | Create | Villager (Male) |
| 5:04 | Create | Villager (Male) |
| 5:04 | Create | Villager (Male) |
| 5:33 | Create | Villager (Male) |
| 5:33 | Create | Villager (Male) |
| 5:59 | Create | Villager (Male) |
| 5:59 | Create | Villager (Male) |
| 6:12 | Build | Mill |
| 6:25 | Create | Villager (Male) |
| 6:55 | Build | Palisade Wall |
| 7:46 | Create | Villager (Male) |
| 8:05 | Build | Palisade Wall |
| 8:14 | Create | Villager (Male) |
| 8:14 | Create | Villager (Male) |
| 8:14 | Create | Villager (Male) |
| 8:41 | Build | House |
| 8:41 | Build | House |
| 8:42 | Build | House |
| 8:46 | Build | Mill |
| 9:14 | Build | Palisade Gate |
| 9:19 | Build | Palisade Wall |
| 9:29 | Create | Villager (Male) |
| 9:29 | Create | Villager (Male) |
| 9:44 | Build | Palisade Wall |
| 10:18 | Build | Mill |
| 10:27 | Research | Feudal Age |
| 11:17 | Build | Palisade Wall |
| 11:24 | Build | Palisade Gate |
| 12:01 | Build | House |
| 12:02 | Build | House |
| 12:04 | Build | House |
| 12:37 | Age | Feudal Age |
| 12:43 | Build | Blacksmith |
| 12:54 | Build | Market |
| 13:03 | Create | Villager (Male) |
| 13:03 | Create | Villager (Male) |
| 13:04 | Create | Villager (Male) |
| 13:10 | Build | Mining Camp |
| 13:55 | Build | Lumber Camp |
| 13:57 | Create | Villager (Male) |
| 13:58 | Create | Villager (Male) |
| 14:10 | Build | Stone Wall |
| 14:19 | Research | Double-Bit Axe |
| 14:25 | Research | Horse Collar |
| 14:30 | Create | Villager (Male) |
| 14:58 | Build | Farm |
| 14:58 | Build | Farm |
| 14:58 | Build | Farm |
| 14:59 | Build | Farm |
| 14:59 | Build | Farm |
| 14:59 | Build | Farm |
| 15:26 | Build | Farm |
| 15:39 | Create | Villager (Male) |
| 15:47 | Build | Farm |
| 15:52 | Create | Villager (Male) |
| 16:21 | Build | Stone Wall |
| 16:36 | Build | Gate |
| 16:41 | Build | Gate |
| 17:02 | Build | Gate |
| 17:15 | Build | Farm |
| 17:15 | Build | Farm |
| 17:15 | Build | Farm |
| 17:16 | Build | Farm |
| 17:16 | Build | Farm |
| 17:16 | Build | Farm |
| 17:16 | Build | Farm |
| 17:16 | Build | Farm |
| 17:17 | Build | Farm |
| 17:45 | Research | Castle Age |
| 18:00 | Build | Barracks |
| 18:31 | Build | Outpost |
| 18:43 | Build | Archery Range |
| 18:45 | Research | Padded Archer Armor |
| 18:46 | Research | Fletching |
| 18:58 | Create | Spearman |
| 19:02 | Build | Archery Range |
| 19:04 | Build | Archery Range |
| 19:31 | Research | Fletching |
| 19:38 | Create | Skirmisher |
| 19:38 | Create | Skirmisher |
| 19:53 | Build | Mining Camp |
| 20:25 | Age | Castle Age |
| 20:33 | Build | Town Center |
| 20:44 | Create | Villager (Male) |
| 20:44 | Create | Villager (Male) |
| 20:49 | Research | Elite Skirmisher (upgrade) |
| 21:16 | Create | Skirmisher |
| 21:24 | Create | Villager (Male) |
| 21:24 | Create | Villager (Male) |
| 21:24 | Create | Villager (Male) |
| 21:38 | Create | Villager (Male) |
| 21:38 | Create | Villager (Male) |
| 21:44 | Create | Skirmisher |
| 21:44 | Create | Skirmisher |
| 21:44 | Create | Skirmisher |
| 22:13 | Build | Town Center |
| 22:18 | Create | Skirmisher |
| 22:18 | Create | Skirmisher |
| 22:20 | Create | Villager (Male) |
| 22:26 | Create | Skirmisher |
| 22:26 | Create | Skirmisher |
| 22:26 | Create | Skirmisher |
| 22:45 | Build | Farm |
| 23:04 | Build | Farm |
| 23:04 | Build | Farm |
| 23:05 | Build | Farm |
| 23:08 | Create | Villager (Male) |
| 23:08 | Create | Villager (Male) |
| 23:12 | Create | Skirmisher |
| 23:26 | Build | Stone Wall |
| 23:30 | Create | Skirmisher |
| 23:30 | Create | Skirmisher |
| 23:57 | Build | Town Center |
| 24:01 | Create | Villager (Male) |
| 24:01 | Create | Villager (Male) |
| 24:06 | Build | Farm |
| 24:06 | Build | Farm |
| 24:07 | Build | Farm |
| 24:07 | Build | Farm |
| 24:07 | Build | Farm |
| 24:07 | Build | Farm |
| 24:08 | Build | Farm |
| 24:56 | Build | Monastery |
| 25:01 | Create | Skirmisher |
| 25:02 | Create | Skirmisher |
| 25:02 | Create | Skirmisher |
| 25:17 | Create | Villager (Male) |
| 25:17 | Create | Villager (Male) |
| 25:17 | Create | Villager (Male) |
| 25:22 | Build | Farm |
| 25:22 | Build | Farm |
| 25:22 | Build | Farm |
| 25:22 | Build | Farm |
| 25:23 | Build | Farm |
Build order — Bear_Pig_Man
First 150 of 178 actions detected
| 0:03 | Research | Loom |
| 0:06 | Build | House |
| 0:09 | Build | House |
| 0:11 | Create | Villager (Male) ×4 |
| 0:11 | Create | Villager (Male) ×4 |
| 2:03 | Create | Villager (Male) |
| 2:03 | Create | Villager (Male) |
| 2:22 | Build | Lumber Camp |
| 2:28 | Create | Villager (Male) |
| 2:53 | Create | Villager (Male) |
| 2:53 | Create | Villager (Male) |
| 3:13 | Create | Villager (Male) |
| 3:35 | Build | Palisade Wall |
| 3:45 | Create | Villager (Male) |
| 3:45 | Create | Villager (Male) |
| 4:08 | Create | Villager (Male) |
| 4:08 | Create | Villager (Male) |
| 4:20 | Build | Palisade Wall |
| 4:26 | Build | House |
| 4:29 | Build | House |
| 4:37 | Create | Villager (Male) |
| 4:37 | Create | Villager (Male) |
| 4:50 | Create | Villager (Male) |
| 5:12 | Create | Villager (Male) |
| 5:46 | Build | Mill |
| 5:53 | Create | Villager (Male) |
| 5:53 | Create | Villager (Male) |
| 6:22 | Create | Villager (Male) |
| 6:23 | Create | Villager (Male) |
| 6:23 | Create | Villager (Male) |
| 6:37 | Build | Palisade Wall |
| 7:02 | Create | Villager (Male) |
| 7:02 | Create | Villager (Male) |
| 7:30 | Build | Lumber Camp |
| 7:34 | Create | Villager (Male) |
| 7:34 | Create | Villager (Male) |
| 7:34 | Create | Villager (Male) |
| 7:56 | Create | Villager (Male) |
| 7:56 | Create | Villager (Male) |
| 8:12 | Build | House |
| 8:18 | Build | House |
| 8:31 | Create | Villager (Male) |
| 8:31 | Create | Villager (Male) |
| 8:37 | Build | Palisade Wall |
| 9:27 | Build | Mining Camp |
| 10:01 | Create | Villager (Male) |
| 10:50 | Build | Mining Camp |
| 10:55 | Research | Feudal Age |
| 11:46 | Build | Barracks |
| 11:58 | Build | Mill |
| 12:05 | Create | Villager (Male) |
| 12:05 | Create | Villager (Male) |
| 12:06 | Create | Villager (Male) |
| 12:06 | Create | Villager (Male) |
| 13:07 | Age | Feudal Age |
| 13:09 | Research | Double-Bit Axe |
| 13:16 | Build | Market |
| 13:27 | Create | Spearman |
| 13:27 | Create | Spearman |
| 13:27 | Create | Spearman |
| 13:47 | Build | Stone Wall |
| 14:12 | Build | Archery Range |
| 14:22 | Create | Spearman |
| 14:22 | Create | Spearman |
| 14:42 | Build | House |
| 14:54 | Create | Skirmisher |
| 14:54 | Create | Skirmisher |
| 14:55 | Create | Skirmisher |
| 15:00 | Build | House |
| 15:00 | Build | House |
| 15:00 | Build | House |
| 15:00 | Build | House |
| 15:00 | Build | House |
| 15:33 | Create | Villager (Male) |
| 15:33 | Create | Villager (Male) |
| 15:34 | Create | Villager (Male) |
| 15:34 | Create | Villager (Male) |
| 15:53 | Build | House |
| 16:02 | Build | House |
| 16:10 | Build | Farm |
| 16:10 | Build | Farm |
| 16:10 | Build | Farm |
| 16:10 | Build | Farm |
| 16:19 | Create | Skirmisher |
| 16:19 | Create | Skirmisher |
| 16:54 | Build | Stone Wall |
| 17:04 | Create | Spearman |
| 17:04 | Create | Spearman |
| 17:04 | Create | Spearman |
| 17:27 | Build | Stone Wall |
| 17:34 | Build | Stone Wall |
| 17:59 | Create | Spearman |
| 18:00 | Create | Spearman |
| 18:00 | Create | Spearman |
| 19:58 | Build | Watch Tower |
| 20:02 | Create | Skirmisher |
| 20:02 | Create | Skirmisher |
| 20:03 | Create | Skirmisher |
| 20:03 | Create | Skirmisher |
| 20:03 | Create | Skirmisher |
| 20:28 | Build | Mining Camp |
| 20:38 | Build | Stone Wall |
| 20:54 | Create | Villager (Male) ×5 |
| 20:54 | Create | Villager (Male) ×5 |
| 22:10 | Create | Spearman |
| 22:11 | Create | Spearman |
| 22:11 | Create | Spearman |
| 22:53 | Build | Farm |
| 22:53 | Build | Farm |
| 22:53 | Build | Farm |
| 22:54 | Build | Farm |
| 22:54 | Build | Farm |
| 23:30 | Build | Stone Wall |
| 23:45 | Create | Villager (Male) |
| 23:45 | Create | Villager (Male) |
| 24:03 | Create | Villager (Male) |
| 24:04 | Create | Villager (Male) |
| 24:04 | Create | Villager (Male) |
| 24:32 | Create | Spearman |
| 24:33 | Create | Spearman |
| 24:33 | Create | Spearman |
| 24:44 | Create | Villager (Male) |
| 24:45 | Create | Villager (Male) |
| 25:00 | Build | Farm |
| 25:00 | Build | Farm |
| 25:00 | Build | Farm |
| 25:30 | Build | Farm |
| 26:00 | Build | Farm |
| 26:22 | Research | Castle Age |
| 26:25 | Create | Villager (Male) |
| 26:49 | Build | Farm |
| 26:50 | Build | Farm |
| 27:34 | Build | Farm |
| 27:34 | Build | Farm |
| 27:44 | Build | Farm |
| 28:16 | Build | Farm |
| 28:17 | Build | Farm |
| 28:29 | Build | Farm |
| 28:45 | Create | Villager (Male) |
| 28:47 | Create | Villager (Male) |
| 28:47 | Create | Villager (Male) |
| 29:03 | Age | Castle Age |
| 29:06 | Build | Castle |
| 29:21 | Build | Farm |
| 29:35 | Build | Monastery |
| 30:03 | Build | Blacksmith |
| 30:26 | Create | Spearman |
| 30:26 | Create | Spearman |
| 30:26 | Create | Spearman |
| 30:36 | Build | Blacksmith |
Build order — AbrahamC96
81 actions detected in the replay
| 0:02 | Build | House |
| 0:02 | Build | House |
| 0:04 | Create | Villager (Male) |
| 0:05 | Create | Villager (Male) |
| 0:05 | Create | Villager (Male) |
| 0:05 | Create | Villager (Male) |
| 0:05 | Create | Villager (Male) |
| 1:36 | Create | Villager (Male) |
| 1:49 | Build | Lumber Camp |
| 2:11 | Create | Villager (Male) |
| 2:28 | Create | Villager (Male) |
| 3:00 | Create | Villager (Male) |
| 3:10 | Create | Villager (Male) |
| 3:33 | Build | House |
| 3:49 | Create | Villager (Male) |
| 3:57 | Build | Mill |
| 3:59 | Create | Villager (Male) |
| 4:40 | Create | Villager (Male) |
| 5:00 | Create | Villager (Male) |
| 5:00 | Create | Villager (Male) |
| 5:36 | Create | Villager (Male) |
| 5:36 | Create | Villager (Male) |
| 5:37 | Create | Villager (Male) |
| 6:10 | Create | Villager (Male) |
| 6:10 | Create | Villager (Male) |
| 6:37 | Research | Loom |
| 7:34 | Research | Feudal Age |
| 8:45 | Build | Palisade Wall |
| 9:20 | Build | House |
| 9:44 | Build | Palisade Wall |
| 9:53 | Create | Villager (Male) |
| 9:53 | Create | Villager (Male) |
| 9:53 | Create | Villager (Male) |
| 9:56 | Research | Double-Bit Axe |
| 10:15 | Build | House |
| 10:19 | Build | House |
| 10:20 | Build | House |
| 10:34 | Build | Palisade Wall |
| 10:38 | Build | Farm |
| 10:38 | Build | Farm |
| 10:38 | Build | Farm |
| 10:39 | Build | Farm |
| 10:39 | Build | Farm |
| 10:39 | Build | Farm |
| 10:39 | Build | Farm |
| 10:43 | Create | Villager (Male) |
| 10:43 | Create | Villager (Male) |
| 11:40 | Build | Mining Camp |
| 11:51 | Build | House |
| 12:17 | Create | Villager (Male) |
| 12:21 | Create | Villager (Male) |
| 12:21 | Create | Villager (Male) |
| 12:36 | Build | Archery Range |
| 12:53 | Create | Villager (Male) |
| 12:53 | Create | Villager (Male) |
| 13:05 | Build | House |
| 13:07 | Build | House |
| 13:20 | Research | Horse Collar |
| 14:15 | Create | Villager (Male) |
| 14:15 | Create | Villager (Male) |
| 14:27 | Build | Lumber Camp |
| 14:38 | Create | Archer |
| 14:38 | Create | Archer |
| 14:38 | Create | Archer |
| 14:39 | Create | Archer |
| 15:22 | Create | Villager (Male) |
| 15:22 | Create | Villager (Male) |
| 15:43 | Build | House |
| 15:57 | Build | Market |
| 16:20 | Build | Watch Tower |
| 16:32 | Build | Farm |
| 16:33 | Build | Farm |
| 16:49 | Build | Archery Range |
| 16:59 | Build | House |
| 17:00 | Build | House |
| 17:58 | Research | Castle Age |
| 18:53 | Build | Farm |
| 18:54 | Build | Farm |
| 18:59 | Build | Farm |
| 19:12 | Create | Villager (Male) |
| 19:28 | Research | Gold Mining |
Build order — KeFlakito
First 150 of 272 actions detected
| 0:01 | Create | Villager (Male) |
| 0:01 | Create | Villager (Male) |
| 0:01 | Create | Villager (Male) |
| 0:03 | Build | House |
| 0:04 | Build | House |
| 0:08 | Create | Villager (Male) |
| 0:08 | Create | Villager (Male) |
| 0:09 | Create | Villager (Male) |
| 1:37 | Create | Villager (Male) |
| 2:25 | Create | Villager (Male) |
| 2:25 | Create | Villager (Male) |
| 2:38 | Build | Lumber Camp |
| 2:53 | Create | Villager (Male) |
| 3:06 | Create | Villager (Male) |
| 3:07 | Create | Villager (Male) |
| 3:12 | Build | House |
| 3:13 | Build | House |
| 3:40 | Create | Villager (Male) |
| 4:40 | Create | Villager (Male) |
| 4:40 | Create | Villager (Male) |
| 4:50 | Create | Villager (Male) |
| 5:01 | Research | Loom |
| 5:28 | Create | Villager (Male) |
| 5:38 | Create | Villager (Male) |
| 6:01 | Create | Villager (Male) |
| 7:09 | Create | Villager (Male) |
| 7:45 | Create | Villager (Male) |
| 7:45 | Create | Villager (Male) |
| 8:02 | Build | Palisade Wall |
| 8:07 | Create | Villager (Male) |
| 8:18 | Create | Villager (Male) |
| 8:57 | Create | Villager (Male) |
| 9:05 | Build | Mill |
| 9:23 | Build | House |
| 9:24 | Build | House |
| 9:58 | Build | Farm |
| 10:02 | Build | Farm |
| 10:04 | Build | Farm |
| 10:06 | Build | Farm |
| 10:37 | Build | Farm |
| 10:38 | Create | Villager (Male) |
| 11:00 | Research | Feudal Age |
| 11:05 | Build | Farm |
| 11:26 | Build | Barracks |
| 11:42 | Build | Mining Camp |
| 12:45 | Create | Villager (Male) |
| 13:02 | Create | Villager (Male) |
| 13:13 | Age | Feudal Age |
| 13:20 | Build | Blacksmith |
| 13:24 | Build | Market |
| 13:32 | Create | Villager (Male) |
| 13:40 | Build | Mining Camp |
| 13:43 | Build | Farm |
| 14:13 | Build | Stone Wall |
| 14:15 | Create | Villager (Male) |
| 14:18 | Build | Farm |
| 14:31 | Create | Villager (Male) |
| 14:33 | Build | Farm |
| 14:35 | Build | Farm |
| 15:04 | Build | House |
| 15:05 | Build | House |
| 15:06 | Build | House |
| 15:07 | Build | House |
| 15:14 | Build | Farm |
| 15:16 | Create | Villager (Male) |
| 15:21 | Build | Farm |
| 15:49 | Build | Farm |
| 16:15 | Research | Castle Age |
| 16:16 | Research | Castle Age |
| 16:37 | Build | Stone Wall |
| 16:59 | Build | Gate |
| 17:03 | Build | Stone Wall |
| 17:04 | Build | Stone Wall |
| 17:05 | Build | Stone Wall |
| 17:07 | Build | Stone Wall |
| 17:09 | Build | Stone Wall |
| 17:10 | Build | Stone Wall |
| 17:11 | Build | Stone Wall |
| 17:15 | Build | Stone Wall |
| 17:18 | Build | Stone Wall |
| 17:19 | Build | Stone Wall |
| 17:21 | Build | Stone Wall |
| 17:22 | Build | Stone Wall |
| 17:26 | Build | Stone Wall |
| 17:27 | Build | Stone Wall |
| 17:27 | Build | Stone Wall |
| 17:28 | Build | Stone Wall |
| 17:29 | Build | Stone Wall |
| 17:29 | Build | Stone Wall |
| 17:30 | Build | Stone Wall |
| 17:39 | Build | House |
| 17:41 | Build | House |
| 17:48 | Research | Double-Bit Axe |
| 18:22 | Create | Villager (Male) |
| 18:22 | Create | Villager (Male) |
| 18:25 | Create | Villager (Male) |
| 18:50 | Build | House |
| 18:52 | Build | House |
| 18:53 | Build | House |
| 18:55 | Create | Villager (Male) |
| 18:55 | Age | Castle Age |
| 19:10 | Build | Castle |
| 20:12 | Create | Villager (Male) |
| 20:40 | Build | Town Center |
| 20:56 | Create | Villager (Male) |
| 21:12 | Create | Villager (Male) |
| 21:44 | Create | Villager (Male) |
| 21:50 | Create | Villager (Male) |
| 21:50 | Create | Villager (Male) |
| 21:51 | Create | Villager (Male) |
| 21:51 | Create | Villager (Male) |
| 21:51 | Create | Villager (Male) |
| 21:51 | Create | Villager (Male) |
| 21:52 | Create | Villager (Male) |
| 21:52 | Create | Villager (Male) |
| 21:52 | Create | Villager (Male) |
| 22:16 | Build | Mining Camp |
| 22:20 | Create | Villager (Male) |
| 22:20 | Create | Villager (Male) |
| 22:28 | Create | Villager (Male) |
| 22:32 | Build | Farm |
| 22:37 | Create | Leitis |
| 22:53 | Create | Leitis |
| 23:09 | Create | Villager (Male) |
| 23:15 | Build | Farm |
| 23:23 | Create | Villager (Male) |
| 23:23 | Create | Villager (Male) |
| 23:37 | Create | Leitis |
| 23:56 | Create | Villager (Male) |
| 23:59 | Build | Farm |
| 24:03 | Build | Farm |
| 24:07 | Build | Farm |
| 24:13 | Build | Farm |
| 24:27 | Create | Leitis |
| 24:29 | Create | Villager (Male) |
| 24:30 | Create | Villager (Male) |
| 24:34 | Build | Farm |
| 24:39 | Build | Farm |
| 24:40 | Create | Villager (Male) |
| 24:40 | Create | Villager (Male) |
| 24:43 | Build | Farm |
| 25:12 | Create | Villager (Male) |
| 25:12 | Create | Villager (Male) |
| 25:20 | Build | Farm |
| 25:23 | Build | Farm |
| 25:26 | Build | Farm |
| 25:35 | Research | Bow Saw |
| 25:37 | Create | Leitis |
| 25:53 | Build | Monastery |
| 26:01 | Create | Villager (Male) |
Build order — TwinkieTheKid21
First 150 of 173 actions detected
| 0:05 | Build | House |
| 0:06 | Build | House |
| 0:07 | Create | Villager (Male) |
| 0:07 | Create | Villager (Male) |
| 0:07 | Create | Villager (Male) |
| 0:07 | Create | Villager (Male) |
| 0:08 | Create | Villager (Male) |
| 1:31 | Create | Villager (Male) |
| 1:52 | Build | Lumber Camp |
| 2:16 | Create | Villager (Male) |
| 2:16 | Create | Villager (Male) |
| 2:19 | Create | Villager (Male) |
| 2:52 | Create | Villager (Male) |
| 2:52 | Create | Villager (Male) |
| 3:41 | Create | Villager (Male) |
| 3:42 | Create | Villager (Male) |
| 3:42 | Create | Villager (Male) |
| 4:21 | Build | House |
| 4:22 | Build | House |
| 4:26 | Create | Villager (Male) |
| 4:28 | Create | Villager (Male) |
| 4:28 | Create | Villager (Male) |
| 4:43 | Build | Mill |
| 5:31 | Create | Villager (Male) |
| 5:32 | Create | Villager (Male) |
| 6:01 | Create | Villager (Male) |
| 6:02 | Create | Villager (Male) |
| 6:02 | Create | Villager (Male) |
| 6:05 | Create | Villager (Male) |
| 6:23 | Build | Farm |
| 6:51 | Build | Farm |
| 6:54 | Create | Villager (Male) |
| 6:54 | Create | Villager (Male) |
| 6:54 | Create | Villager (Male) |
| 7:00 | Build | Mill |
| 7:56 | Build | Lumber Camp |
| 8:13 | Build | House |
| 8:39 | Build | House |
| 8:51 | Create | Villager (Male) |
| 8:52 | Create | Villager (Male) |
| 8:52 | Create | Villager (Male) |
| 9:27 | Build | Mining Camp |
| 9:54 | Research | Feudal Age |
| 10:55 | Create | Villager (Male) |
| 10:55 | Create | Villager (Male) |
| 11:26 | Research | Loom |
| 12:17 | Age | Feudal Age |
| 12:18 | Research | Double-Bit Axe |
| 12:20 | Research | Horse Collar |
| 13:35 | Create | Villager (Male) |
| 13:44 | Create | Villager (Male) |
| 14:15 | Build | Archery Range |
| 14:34 | Build | Archery Range |
| 14:40 | Build | Archery Range |
| 14:44 | Build | Farm |
| 14:45 | Build | Farm |
| 14:53 | Build | Farm |
| 14:56 | Build | Farm |
| 15:14 | Create | Skirmisher |
| 15:14 | Create | Skirmisher |
| 15:14 | Create | Skirmisher |
| 15:32 | Build | Farm |
| 15:33 | Build | Farm |
| 15:33 | Build | Farm |
| 15:34 | Build | Farm |
| 15:34 | Build | Farm |
| 15:35 | Build | Farm |
| 15:57 | Build | Mining Camp |
| 16:03 | Research | Castle Age |
| 16:09 | Build | House |
| 16:10 | Build | House |
| 16:16 | Create | Archer |
| 16:16 | Create | Archer |
| 16:17 | Create | Archer |
| 16:59 | Create | Skirmisher |
| 16:59 | Create | Skirmisher |
| 17:00 | Create | Skirmisher |
| 17:07 | Build | House |
| 17:12 | Create | Skirmisher |
| 17:38 | Build | House |
| 17:40 | Build | House |
| 17:46 | Build | Palisade Wall |
| 17:50 | Build | Palisade Wall |
| 17:59 | Build | Palisade Wall |
| 18:22 | Create | Skirmisher |
| 18:22 | Create | Skirmisher |
| 18:22 | Create | Skirmisher |
| 18:23 | Create | Skirmisher |
| 18:43 | Age | Castle Age |
| 19:38 | Create | Skirmisher |
| 19:38 | Create | Skirmisher |
| 23:14 | Create | Villager (Male) |
| 23:14 | Create | Villager (Male) |
| 23:14 | Create | Villager (Male) |
| 23:14 | Create | Villager (Male) |
| 23:29 | Research | Bow Saw |
| 23:39 | Build | Town Center |
| 23:47 | Build | Farm |
| 24:25 | Create | Villager (Male) |
| 24:27 | Research | Town Watch |
| 24:28 | Create | Villager (Male) |
| 24:29 | Research | Wheelbarrow |
| 24:56 | Build | Siege Workshop |
| 25:19 | Build | Lumber Camp |
| 26:14 | Build | Town Center |
| 26:29 | Create | Villager (Male) |
| 26:29 | Create | Villager (Male) |
| 26:29 | Create | Villager (Male) |
| 26:30 | Create | Villager (Male) |
| 26:51 | Create | Villager (Male) |
| 26:52 | Create | Villager (Male) |
| 26:57 | Build | Siege Workshop |
| 27:20 | Build | Castle |
| 27:41 | Build | Farm |
| 27:42 | Build | Farm |
| 27:53 | Create | Scorpion |
| 28:00 | Create | Villager (Male) |
| 28:00 | Create | Villager (Male) |
| 28:01 | Create | Villager (Male) |
| 28:03 | Create | Villager (Male) |
| 28:03 | Create | Villager (Male) |
| 28:04 | Create | Villager (Male) |
| 28:07 | Create | Villager (Male) |
| 28:07 | Create | Villager (Male) |
| 28:08 | Create | Villager (Male) |
| 28:08 | Create | Villager (Male) |
| 29:10 | Build | Siege Workshop |
| 29:22 | Create | Villager (Male) |
| 29:22 | Create | Villager (Male) |
| 29:23 | Create | Villager (Male) |
| 29:24 | Create | Villager (Male) |
| 29:24 | Create | Villager (Male) |
| 29:35 | Research | Stone Mining |
| 29:40 | Research | Gold Mining |
| 29:53 | Build | Farm |
| 29:58 | Create | Scorpion |
| 30:06 | Build | Mining Camp |
| 30:33 | Build | Farm |
| 30:36 | Build | Farm |
| 30:36 | Build | Farm |
| 30:47 | Create | Scorpion |
| 30:48 | Create | Scorpion |
| 30:48 | Create | Scorpion |
| 30:48 | Create | Scorpion |
| 31:32 | Build | Farm |
| 31:35 | Create | Villager (Male) |
| 31:35 | Create | Villager (Male) |
| 31:35 | Create | Villager (Male) |
| 31:49 | Create | Mangonel |
| 31:49 | Create | Mangonel |
Build order — Jarcor
119 actions detected in the replay
| 0:02 | Build | House |
| 0:04 | Build | House |
| 0:07 | Create | Villager (Male) |
| 0:08 | Create | Villager (Male) |
| 0:08 | Create | Villager (Male) |
| 0:08 | Create | Villager (Male) |
| 0:08 | Create | Villager (Male) |
| 1:29 | Create | Villager (Male) |
| 2:13 | Create | Villager (Male) |
| 2:22 | Build | Lumber Camp |
| 2:33 | Create | Villager (Male) |
| 3:16 | Create | Villager (Male) |
| 3:57 | Create | Villager (Male) |
| 4:11 | Build | House |
| 4:19 | Create | Villager (Male) |
| 4:32 | Create | Villager (Male) |
| 5:09 | Create | Villager (Male) |
| 5:24 | Build | Mill |
| 5:34 | Create | Villager (Male) |
| 5:59 | Create | Villager (Male) |
| 6:35 | Create | Villager (Male) |
| 7:02 | Build | House |
| 7:15 | Build | Mining Camp |
| 7:32 | Create | Villager (Male) |
| 7:55 | Research | Feudal Age |
| 8:32 | Research | Loom |
| 8:45 | Build | Barracks |
| 9:32 | Build | Palisade Gate |
| 9:35 | Build | Palisade Gate |
| 9:40 | Build | House |
| 9:50 | Build | Palisade Wall |
| 10:07 | Age | Feudal Age |
| 10:10 | Create | Villager (Male) |
| 10:21 | Build | Archery Range |
| 10:52 | Build | Mill |
| 10:59 | Create | Villager (Male) |
| 11:23 | Create | Archer |
| 11:26 | Create | Archer |
| 11:52 | Create | Archer ×2 |
| 12:39 | Create | Villager (Male) |
| 12:58 | Create | Villager (Male) |
| 13:09 | Build | Blacksmith |
| 13:25 | Create | Archer |
| 13:25 | Create | Archer |
| 13:25 | Create | Archer |
| 13:25 | Create | Archer |
| 14:23 | Create | Villager (Male) |
| 14:24 | Create | Villager (Male) |
| 14:27 | Build | House |
| 14:28 | Build | House |
| 14:28 | Build | House |
| 15:17 | Build | Mill |
| 15:52 | Create | Villager (Male) |
| 15:55 | Create | Villager (Male) |
| 16:27 | Research | Fletching |
| 16:28 | Research | Padded Archer Armor |
| 17:09 | Create | Villager (Male) |
| 17:09 | Create | Villager (Male) |
| 17:20 | Create | Archer ×5 |
| 17:57 | Create | Villager (Male) |
| 18:17 | Build | Market |
| 18:25 | Build | Stable |
| 18:30 | Build | Archery Range |
| 19:37 | Build | Farm |
| 19:38 | Build | Farm |
| 19:39 | Build | Farm |
| 19:43 | Build | Farm |
| 19:44 | Build | Farm |
| 21:28 | Research | Castle Age |
| 22:09 | Build | House |
| 22:10 | Build | House |
| 22:33 | Build | House |
| 23:04 | Research | Bloodlines |
| 23:12 | Build | Archery Range |
| 24:08 | Age | Castle Age |
| 24:13 | Create | Cavalry Archer ×5 |
| 24:13 | Create | Cavalry Archer ×5 |
| 24:14 | Create | Cavalry Archer ×4 |
| 24:28 | Research | Husbandry |
| 24:44 | Create | Villager (Male) |
| 24:51 | Create | Villager (Male) |
| 24:58 | Build | House |
| 25:20 | Create | Villager (Male) |
| 25:39 | Build | Farm |
| 25:40 | Build | Farm |
| 25:42 | Build | Farm |
| 25:50 | Build | Farm |
| 26:11 | Research | Thumb Ring |
| 26:15 | Create | Villager (Male) |
| 26:16 | Create | Villager (Male) |
| 27:22 | Build | Siege Workshop |
| 27:30 | Create | Villager (Male) |
| 27:31 | Create | Villager (Male) |
| 28:04 | Build | Monastery |
| 28:12 | Create | Villager (Male) |
| 28:17 | Build | Mining Camp |
| 28:21 | Research | Double-Bit Axe |
| 28:24 | Research | Horse Collar |
| 28:33 | Research | Gold Mining |
| 28:38 | Create | Battering Ram |
| 28:52 | Create | Monk |
| 28:55 | Create | Battering Ram |
| 28:55 | Create | Battering Ram |
| 29:12 | Create | Cavalry Archer ×3 |
| 29:19 | Create | Villager (Male) |
| 29:22 | Create | Villager (Male) |
| 29:30 | Build | Farm |
| 31:54 | Create | Battering Ram ×2 |
| 33:46 | Create | Battering Ram |
| 33:46 | Create | Battering Ram |
| 33:46 | Create | Battering Ram |
| 34:19 | Create | Cavalry Archer ×4 |
| 34:19 | Create | Cavalry Archer ×4 |
| 35:03 | Build | House |
| 35:08 | Build | House |
| 35:08 | Build | House |
| 35:51 | Research | Imperial Age |
| 36:37 | Build | Castle |
| 37:39 | Build | Mining Camp |
Build order — lonlytiger
First 150 of 260 actions detected
| 0:01 | Create | Villager (Male) |
| 0:02 | Create | Villager (Male) |
| 0:02 | Create | Villager (Male) |
| 0:02 | Create | Villager (Male) |
| 0:02 | Create | Villager (Male) |
| 0:02 | Create | Villager (Male) |
| 0:04 | Build | House |
| 0:06 | Build | House |
| 1:39 | Create | Villager (Male) |
| 1:40 | Create | Villager (Male) |
| 2:01 | Create | Villager (Male) |
| 2:01 | Create | Villager (Male) |
| 2:01 | Create | Villager (Male) |
| 2:19 | Create | Villager (Male) |
| 2:20 | Create | Villager (Male) |
| 2:20 | Create | Villager (Male) |
| 2:31 | Build | Lumber Camp |
| 2:58 | Create | Villager (Male) |
| 2:58 | Create | Villager (Male) |
| 2:58 | Create | Villager (Male) |
| 2:58 | Create | Villager (Male) |
| 3:38 | Build | House |
| 3:39 | Build | House |
| 3:43 | Create | Villager (Male) |
| 3:43 | Create | Villager (Male) |
| 3:43 | Create | Villager (Male) |
| 4:03 | Create | Villager (Male) |
| 4:03 | Create | Villager (Male) |
| 4:03 | Create | Villager (Male) |
| 4:30 | Create | Villager (Male) |
| 4:31 | Create | Villager (Male) |
| 4:56 | Build | Palisade Wall |
| 5:04 | Create | Villager (Male) |
| 5:05 | Create | Villager (Male) |
| 5:11 | Create | Villager (Male) |
| 5:11 | Create | Villager (Male) |
| 5:52 | Create | Villager (Male) |
| 5:52 | Create | Villager (Male) |
| 5:58 | Build | House |
| 6:10 | Build | Palisade Wall |
| 6:13 | Create | Villager (Male) |
| 6:13 | Create | Villager (Male) |
| 6:37 | Build | Mill |
| 7:12 | Create | Villager (Male) |
| 7:46 | Build | Mining Camp |
| 7:48 | Research | Loom |
| 8:26 | Research | Feudal Age |
| 9:32 | Build | Barracks |
| 10:19 | Build | House |
| 10:36 | Age | Feudal Age |
| 10:36 | Create | Villager (Male) |
| 10:36 | Create | Villager (Male) |
| 10:49 | Build | Archery Range |
| 11:16 | Research | Double-Bit Axe |
| 11:34 | Build | Blacksmith |
| 11:41 | Create | Archer |
| 11:41 | Create | Archer |
| 11:41 | Create | Archer |
| 11:41 | Create | Archer |
| 11:54 | Build | Blacksmith |
| 11:59 | Create | Villager (Male) |
| 12:00 | Create | Villager (Male) |
| 12:03 | Create | Archer |
| 12:07 | Create | Villager (Male) |
| 12:08 | Create | Villager (Male) |
| 12:31 | Build | House |
| 12:59 | Build | Archery Range |
| 13:19 | Create | Villager (Male) |
| 13:38 | Build | Mill |
| 13:54 | Create | Archer |
| 13:55 | Create | Archer |
| 13:55 | Create | Archer |
| 13:55 | Create | Archer |
| 13:57 | Research | Fletching |
| 14:17 | Create | Villager (Male) |
| 14:17 | Create | Villager (Male) |
| 14:54 | Build | Mill |
| 15:03 | Research | Padded Archer Armor |
| 15:16 | Create | Archer |
| 15:17 | Create | Archer |
| 15:17 | Create | Archer |
| 15:28 | Create | Archer |
| 15:28 | Create | Archer |
| 15:41 | Build | Palisade Gate |
| 15:54 | Build | House |
| 15:55 | Build | House |
| 15:56 | Build | House |
| 15:58 | Build | House |
| 16:01 | Build | House |
| 16:13 | Create | Archer |
| 16:32 | Create | Archer |
| 16:33 | Create | Archer |
| 16:59 | Create | Villager (Male) |
| 16:59 | Create | Villager (Male) |
| 17:00 | Create | Villager (Male) |
| 17:44 | Build | Mining Camp |
| 17:53 | Create | Archer |
| 17:53 | Create | Archer |
| 17:54 | Create | Archer |
| 17:59 | Build | Farm |
| 18:01 | Build | Farm |
| 18:02 | Build | Farm |
| 18:04 | Build | Farm |
| 18:05 | Build | Farm |
| 18:06 | Build | Farm |
| 18:09 | Create | Villager (Male) |
| 18:16 | Create | Archer |
| 18:16 | Create | Archer |
| 18:16 | Create | Archer |
| 19:03 | Build | Farm |
| 19:06 | Build | Farm |
| 19:07 | Build | Farm |
| 19:08 | Create | Villager (Male) |
| 19:10 | Create | Villager (Male) |
| 19:24 | Create | Archer |
| 19:24 | Create | Archer |
| 19:24 | Create | Archer |
| 19:25 | Create | Archer |
| 19:25 | Create | Archer |
| 19:29 | Research | Gold Mining |
| 19:40 | Build | Farm |
| 20:03 | Build | Farm |
| 20:08 | Build | Farm |
| 20:14 | Build | Farm |
| 20:16 | Create | Villager (Male) |
| 20:49 | Build | Farm |
| 21:24 | Research | Castle Age |
| 21:25 | Research | Castle Age |
| 22:48 | Research | Horse Collar |
| 22:50 | Research | Stone Mining |
| 23:09 | Build | Lumber Camp |
| 23:15 | Build | House |
| 23:17 | Build | House |
| 23:17 | Build | House |
| 23:17 | Build | House |
| 23:17 | Build | House |
| 23:17 | Build | House |
| 23:18 | Build | House |
| 23:19 | Build | House |
| 24:00 | Create | Villager (Male) |
| 24:00 | Create | Villager (Male) |
| 24:01 | Create | Villager (Male) |
| 24:04 | Age | Castle Age |
| 24:07 | Research | Crossbowman (upgrade) |
| 24:10 | Research | Bodkin Arrow |
| 24:16 | Build | Town Center |
| 24:22 | Research | Bow Saw |
| 24:52 | Build | Town Center |
| 24:55 | Research | Gold Shaft Mining |
| 25:38 | Create | Villager (Male) |
Build order — hidalgo220
First 150 of 216 actions detected
| 0:01 | Create | Villager (Male) |
| 0:01 | Create | Villager (Male) |
| 0:02 | Create | Villager (Male) |
| 0:02 | Create | Villager (Male) |
| 0:03 | Build | House |
| 0:05 | Build | House |
| 1:24 | Create | Villager (Male) |
| 1:24 | Create | Villager (Male) |
| 1:53 | Create | Villager (Male) |
| 1:54 | Create | Villager (Male) |
| 2:17 | Create | Villager (Male) |
| 2:17 | Create | Villager (Male) |
| 2:49 | Create | Villager (Male) |
| 2:49 | Create | Villager (Male) |
| 3:00 | Create | Villager (Male) |
| 3:00 | Create | Villager (Male) |
| 3:45 | Create | Villager (Male) |
| 3:45 | Create | Villager (Male) |
| 3:45 | Create | Villager (Male) |
| 4:01 | Create | Villager (Male) |
| 4:02 | Create | Villager (Male) |
| 4:14 | Build | House |
| 4:27 | Research | Loom |
| 4:42 | Create | Villager (Male) |
| 5:25 | Build | Mill |
| 5:58 | Research | Feudal Age |
| 8:28 | Build | Barracks |
| 8:43 | Create | Villager (Male) |
| 8:43 | Create | Villager (Male) |
| 9:18 | Build | Stable |
| 9:21 | Build | House |
| 9:28 | Create | Villager (Male) |
| 9:29 | Create | Villager (Male) |
| 9:59 | Create | Villager (Male) |
| 9:59 | Create | Villager (Male) |
| 10:30 | Create | Villager (Male) |
| 10:34 | Create | Scout Cavalry |
| 10:34 | Create | Scout Cavalry |
| 10:34 | Create | Scout Cavalry |
| 10:35 | Create | Scout Cavalry |
| 10:43 | Build | Farm |
| 10:43 | Build | Farm |
| 10:51 | Build | Farm |
| 10:51 | Build | Farm |
| 10:51 | Build | Farm |
| 11:27 | Create | Villager (Male) |
| 11:28 | Create | Villager (Male) |
| 11:36 | Build | House |
| 11:55 | Create | Villager (Male) |
| 12:00 | Build | House |
| 12:02 | Create | Villager (Male) |
| 12:21 | Create | Scout Cavalry |
| 12:21 | Create | Scout Cavalry |
| 12:44 | Create | Villager (Male) |
| 12:57 | Research | Double-Bit Axe |
| 13:03 | Create | Scout Cavalry |
| 13:24 | Create | Villager (Male) |
| 13:25 | Create | Villager (Male) |
| 13:45 | Create | Villager (Male) |
| 13:55 | Build | Blacksmith |
| 14:14 | Create | Scout Cavalry |
| 14:14 | Create | Scout Cavalry |
| 14:15 | Create | Scout Cavalry |
| 15:01 | Create | Villager (Male) |
| 15:02 | Create | Villager (Male) |
| 15:07 | Build | Farm |
| 15:07 | Build | Farm |
| 15:07 | Build | Farm |
| 15:08 | Build | Farm |
| 15:08 | Build | Farm |
| 15:08 | Build | Farm |
| 15:11 | Build | House |
| 16:33 | Create | Villager (Male) |
| 16:33 | Create | Villager (Male) |
| 16:38 | Create | Scout Cavalry |
| 16:38 | Create | Scout Cavalry |
| 16:39 | Create | Scout Cavalry |
| 16:42 | Research | Bloodlines |
| 17:07 | Create | Villager (Male) |
| 17:07 | Create | Villager (Male) |
| 17:15 | Create | Scout Cavalry |
| 17:16 | Create | Scout Cavalry |
| 17:43 | Create | Villager (Male) |
| 17:43 | Create | Villager (Male) |
| 17:53 | Build | House |
| 17:54 | Build | House |
| 17:54 | Build | House |
| 17:54 | Build | House |
| 17:54 | Build | House |
| 17:54 | Build | House |
| 17:55 | Build | House |
| 17:55 | Build | House |
| 17:55 | Build | House |
| 18:02 | Build | House |
| 18:02 | Build | House |
| 18:02 | Build | House |
| 19:38 | Create | Villager (Male) |
| 19:38 | Create | Villager (Male) |
| 20:08 | Create | Villager (Male) |
| 20:14 | Build | Farm |
| 20:14 | Build | Farm |
| 20:15 | Build | Farm |
| 20:15 | Build | Farm |
| 20:15 | Build | Farm |
| 20:15 | Build | Farm |
| 20:16 | Build | Farm |
| 20:16 | Build | Farm |
| 20:16 | Build | Farm |
| 20:16 | Build | Farm |
| 20:24 | Build | Mule Cart |
| 21:40 | Create | Villager (Male) |
| 21:43 | Research | Castle Age |
| 21:46 | Build | House |
| 21:51 | Research | Forging |
| 22:49 | Create | Villager (Male) |
| 22:49 | Create | Villager (Male) |
| 22:59 | Build | House |
| 23:00 | Build | House |
| 23:01 | Build | House |
| 23:07 | Research | Scale Barding Armor |
| 23:20 | Create | Villager (Male) |
| 23:21 | Create | Villager (Male) |
| 23:25 | Research | Gold Mining |
| 23:43 | Build | Stable |
| 23:43 | Build | Stable |
| 23:46 | Create | Villager (Male) |
| 24:33 | Research | Iron Casting |
| 24:43 | Create | Knight |
| 24:44 | Create | Knight |
| 24:44 | Create | Knight |
| 24:44 | Create | Knight |
| 25:26 | Create | Knight |
| 25:27 | Create | Knight |
| 25:27 | Research | Husbandry |
| 25:37 | Build | Town Center |
| 25:56 | Create | Knight |
| 25:57 | Create | Knight |
| 26:09 | Create | Villager (Male) |
| 26:09 | Create | Villager (Male) |
| 26:23 | Create | Villager (Male) |
| 26:32 | Create | Villager (Male) |
| 26:33 | Create | Villager (Male) |
| 26:41 | Build | Farm |
| 26:42 | Build | Farm |
| 26:42 | Build | Farm |
| 27:10 | Create | Villager (Male) |
| 27:10 | Create | Villager (Male) |
| 27:16 | Create | Knight |
| 27:16 | Create | Knight |
| 27:17 | Create | Knight |
Match timeline
| 3:35 | Bear_Pig_Man · wall_segment Palisade Wall x7 |
| 4:20 | Bear_Pig_Man · wall_segment Palisade Wall x15 |
| 4:56 | lonlytiger · wall_segment Palisade Wall x6 |
| 6:10 | lonlytiger · wall_segment Palisade Wall x21 |
| 6:37 | Bear_Pig_Man · wall_segment Palisade Wall x9 |
| 6:55 | rakz · wall_segment Palisade Wall x2 |
| 8:02 | KeFlakito · wall_segment Palisade Wall x12 |
| 8:05 | rakz · wall_segment Palisade Wall x15 |
| 8:28 | hidalgo220 · first_building Barracks |
| 8:37 | Bear_Pig_Man · wall_segment Palisade Wall x5 |
| 8:45 | Jarcor · first_building Barracks |
| 8:45 | AbrahamC96 · wall_segment Palisade Wall x12 |
| 9:18 | hidalgo220 · first_building Stable |
| 9:19 | rakz · wall_segment Palisade Wall x1 |
| 9:32 | lonlytiger · first_building Barracks |
| 9:44 | AbrahamC96 · wall_segment Palisade Wall x9 |
| 9:44 | rakz · wall_segment Palisade Wall x11 |
| 9:50 | Jarcor · wall_segment Palisade Wall x1 |
| 10:07 | Jarcor · age_up feudal |
| 10:21 | Jarcor · first_building Archery Range |
| 10:34 | AbrahamC96 · wall_segment Palisade Wall x1 |
| 10:36 | lonlytiger · age_up feudal |
| 10:49 | lonlytiger · first_building Archery Range |
| 11:17 | rakz · wall_segment Palisade Wall x14 |
| 11:26 | KeFlakito · first_building Barracks |
| 11:46 | Bear_Pig_Man · first_building Barracks |
| 12:17 | TwinkieTheKid21 · age_up feudal |
| 12:36 | AbrahamC96 · first_building Archery Range |
| 12:37 | rakz · age_up feudal |
| 13:07 | Bear_Pig_Man · age_up feudal |
| 13:13 | KeFlakito · age_up feudal |
| 13:47 | Bear_Pig_Man · wall_segment Stone Wall x10 |
| 14:10 | rakz · wall_segment Stone Wall x11 |
| 14:12 | Bear_Pig_Man · first_building Archery Range |
| 14:13 | KeFlakito · wall_segment Stone Wall x8 |
| 14:15 | TwinkieTheKid21 · first_building Archery Range |
| 15:24 | KeFlakito · first_market_sell 100 stone |
| 15:36 | KeFlakito · first_market_buy 100 food |
| 16:21 | rakz · wall_segment Stone Wall x12 |
| 16:37 | KeFlakito · wall_segment Stone Wall x5 |
| 16:54 | Bear_Pig_Man · wall_segment Stone Wall x8 |
| 17:03 | KeFlakito · wall_segment Stone Wall x1 |
| 17:04 | KeFlakito · wall_segment Stone Wall x1 |
| 17:05 | KeFlakito · wall_segment Stone Wall x1 |
| 17:07 | KeFlakito · wall_segment Stone Wall x1 |
| 17:08 | AbrahamC96 · first_market_buy 100 wood |
| 17:09 | KeFlakito · wall_segment Stone Wall x1 |
| 17:10 | KeFlakito · wall_segment Stone Wall x1 |
| 17:11 | KeFlakito · wall_segment Stone Wall x1 |
| 17:15 | KeFlakito · wall_segment Stone Wall x1 |
| 17:18 | KeFlakito · wall_segment Stone Wall x1 |
| 17:19 | KeFlakito · wall_segment Stone Wall x1 |
| 17:21 | KeFlakito · wall_segment Stone Wall x1 |
| 17:22 | KeFlakito · wall_segment Stone Wall x1 |
| 17:26 | KeFlakito · wall_segment Stone Wall x1 |
| 17:27 | KeFlakito · wall_segment Stone Wall x1 |
| 17:27 | Bear_Pig_Man · wall_segment Stone Wall x15 |
| 17:27 | KeFlakito · wall_segment Stone Wall x1 |
| 17:28 | KeFlakito · wall_segment Stone Wall x1 |
| 17:29 | KeFlakito · wall_segment Stone Wall x1 |
| 17:29 | KeFlakito · wall_segment Stone Wall x1 |
| 17:30 | KeFlakito · wall_segment Stone Wall x1 |
| 17:34 | Bear_Pig_Man · wall_segment Stone Wall x7 |
| 17:46 | TwinkieTheKid21 · wall_segment Palisade Wall x1 |
| 17:50 | TwinkieTheKid21 · wall_segment Palisade Wall x1 |
| 17:59 | TwinkieTheKid21 · wall_segment Palisade Wall x1 |
| 18:00 | rakz · first_building Barracks |
| 18:25 | Jarcor · first_building Stable |
| 18:37 | rakz · first_market_buy 100 stone |
| 18:43 | rakz · first_building Archery Range |
| 18:43 | TwinkieTheKid21 · age_up castle |
| 18:55 | KeFlakito · age_up castle |
| 19:10 | KeFlakito · first_building Castle |
| 20:25 | rakz · age_up castle |
| 20:29 | Jarcor · first_market_buy 100 food |
| 20:38 | Bear_Pig_Man · wall_segment Stone Wall x16 |
| 20:43 | Bear_Pig_Man · first_market_buy 100 stone |
| 21:17 | AbrahamC96 · resign |
| 23:26 | rakz · wall_segment Stone Wall x23 |
| 23:30 | Bear_Pig_Man · wall_segment Stone Wall x7 |
| 24:04 | lonlytiger · age_up castle |
| 24:08 | Jarcor · age_up castle |
| 24:56 | TwinkieTheKid21 · first_building Siege Workshop |
| 24:56 | rakz · first_building Monastery |
| 25:09 | Bear_Pig_Man · first_market_sell 100 wood |
| 25:53 | rakz · first_market_sell 100 wood |
| 25:53 | KeFlakito · first_building Monastery |
| 26:02 | rakz · wall_segment Stone Wall x18 |
| 26:44 | lonlytiger · first_market_buy 100 food |
| 26:45 | rakz · wall_segment Stone Wall x7 |
| 26:51 | rakz · first_building Siege Workshop |
| 27:20 | TwinkieTheKid21 · first_building Castle |
| 27:22 | Jarcor · first_building Siege Workshop |
| 27:45 | rakz · wall_segment Stone Wall x5 |
| 28:04 | Jarcor · first_building Monastery |
| 28:43 | rakz · wall_segment Stone Wall x5 |
| 29:03 | Bear_Pig_Man · age_up castle |
| 29:06 | Bear_Pig_Man · first_building Castle |
| 29:35 | Bear_Pig_Man · first_building Monastery |
| 30:46 | rakz · wall_segment Stone Wall x9 |
| 31:37 | Bear_Pig_Man · wall_segment Stone Wall x1 |
| 32:15 | TwinkieTheKid21 · wall_segment Palisade Wall x1 |
| 33:02 | Bear_Pig_Man · first_building Siege Workshop |
| 33:04 | rakz · first_building Castle |
| 34:15 | Bear_Pig_Man · wall_segment Stone Wall x1 |
| 35:00 | lonlytiger · first_building Stable |
| 35:31 | KeFlakito · wall_segment Stone Wall x36 |
| 36:16 | Bear_Pig_Man · age_up imperial |
| 36:37 | Jarcor · first_building Castle |
| 37:01 | KeFlakito · wall_segment Stone Wall x9 |
| 37:45 | hidalgo220 · first_building Monastery |
[ AI ANALYSIS · 1 CREDIT ]
What really happened in this match?
Wolo.gg analyzes every decision: build order, eco, micro, common mistakes by bracket. Personalized analysis on WhatsApp or Discord in 30 seconds.
Civ guide
Chinese
Map guide
Oasis
Perfil
Jugador #7709921